PCL
NEW ORLEANS ZEPHYRS @ OMAHA STORM CHASERS
06/09/2099
 
TOP OF THE 1ST
New Orleans Zephyrs batting - Pitching for Omaha Storm Chasers : RHP Aubrey Pettey
Pitching: RHP Aubrey Pettey
Batting: RHB Bob Armas 0-0: Ball
1-0: Called Strike
1-1: Foul Ball, location: 5FF
1-2: Foul Ball, location: 5DF
1-2: Ball
2-2: Strikes out swinging
Batting: SHB Melvin Amezcua 0-0: Called Strike
0-1: Ball
1-1: Bunt missed!
1-2: Ball
2-2: Ball
3-2: SINGLE (Groundball, 4MD, EV 105.6 MPH)
Batting: RHB James Austill 0-0: Fly out, F3 (Popup, 13, EV 65.6 MPH)
Batting: SHB Akira Nagata 0-0: Ball
1-0: Swinging Strike
1-1: Swinging Strike
1-2: Foul Ball, location: 5F
1-2: Ball
2-2: Fielders Choice at 2nd, 5-4 (Groundball, 5, EV 90.0 MPH)
Top of the 1st over - 0 runs, 1 hit, 0 errors, 1 left on base; New Orleans 0 - Omaha 0
BOTTOM OF THE 1ST
Omaha Storm Chasers batting - Pitching for New Orleans Zephyrs : RHP Joe Allen
Pitching: RHP Joe Allen
Batting: SHB Bobby Noriega 0-0: Called Strike
0-1: Ball
1-1: Ball
2-1: Ball
3-1: Base on Balls
Batting: RHB Travis Bernsen 0-0: Ball
1-0: Called Strike
1-1: Fly out, F8 (Flyball, 8RXD, EV 111.3 MPH)
Batting: RHB Blake Linden 0-0: Ball
1-0: Foul Ball, location: 2F
1-1: Foul Ball, location: 2F
1-2: Fly out, F6 (Popup, 6MS, EV 80.0 MPH)
Batting: RHB Matt McElhose 0-0: Foul Ball, location: 2F
0-1: Ball
1-1: Ball
Bobby Noriega steals 2nd base
2-1: Foul Ball, location: 7LMF
2-2: Foul Ball, location: 7LMF
2-2: SINGLE (Line Drive, 4D, EV 98.1 MPH)
Bobby Noriega to third
Runner from 3rd tries for Home, throw by CF and OUT! 8-2
Bottom of the 1st over - 0 runs, 1 hit, 0 errors, 1 left on base; New Orleans 0 - Omaha 0
TOP OF THE 2ND
New Orleans Zephyrs batting - Pitching for Omaha Storm Chasers : RHP Aubrey Pettey
Batting: LHB Rick Alvarez 0-0: Ball
1-0: Called Strike
1-1: Fly out, F8 (Line Drive, 8RM, EV 95.0 MPH)
Batting: SHB Everett Anderson 0-0: Foul Ball, location: 7LDF
0-1: Swinging Strike
0-2: Ground out 6-3 (Groundball, 6S, EV 71.9 MPH)
Batting: LHB Antonio Aviles 0-0: SOLO HOME RUN (Flyball, 7LD, EV 95.0 MPH), Distance : 328 ft
Batting: LHB Joe Bell 0-0: Ball
1-0: Fly out, F5 (Popup, 5S, EV 73.8 MPH)
Top of the 2nd over - 1 run, 1 hit, 0 errors, 0 left on base; New Orleans 1 - Omaha 0
BOTTOM OF THE 2ND
Omaha Storm Chasers batting - Pitching for New Orleans Zephyrs : RHP Joe Allen
Batting: RHB Kyle Mellecker 0-0: Foul Ball, location: 5FF
0-1: Ball
1-1: Foul Ball, location: 3F
1-2: SINGLE (Line Drive, 8RS, EV 108.8 MPH)
Batting: RHB Gabe Pike 0-0: Ball
1-0: Called Strike
Kyle Mellecker is caught stealing 2nd base 2-4
1-1: Ball
2-1: Ball
3-1: Fly out, F7 (Flyball, 78S, EV 86.3 MPH)
Batting: RHB Gabe Murillo 0-0: SINGLE (Groundball, 6S, EV 69.4 MPH) (infield hit)
Batting: RHB Mike Cassidy 0-0: Called Strike
0-1: Ball
1-1: Called Strike
1-2: SINGLE (Groundball, 6S, EV 75.6 MPH)
Gabe Murillo to second
Batting: RHB Tom Turnage 0-0: Swinging Strike
0-1: Ball
1-1: Swinging Strike
1-2: Foul Ball, location: 3FF
1-2: Foul Ball, location: 25F
1-2: Foul Ball, location: 23FF
1-2: Foul Ball, location: 23F
1-2: Ball
2-2: Fielders Choice at 2nd, 6-4 (Groundball, 6, EV 80.0 MPH)
Bottom of the 2nd over - 0 runs, 3 hits, 0 errors, 2 left on base; New Orleans 1 - Omaha 0
TOP OF THE 3RD
New Orleans Zephyrs batting - Pitching for Omaha Storm Chasers : RHP Aubrey Pettey
Batting: LHB Malikai Dare 0-0: Fly out, F9 (Flyball, 9LS, EV 85.6 MPH)
Batting: RHB Bob Armas 0-0: Ball
1-0: Swinging Strike
1-1: Foul Ball, location: 2LF
1-2: Strikes out swinging
Batting: SHB Melvin Amezcua 0-0: Called Strike
0-1: Foul Ball, location: 7LDF
0-2: Ball
1-2: Foul Ball, location: 7LSF
1-2: Ball
2-2: Ball
3-2: Ground out U3 (Groundball, 3, EV 83.1 MPH)
Top of the 3rd over - 0 runs, 0 hits, 0 errors, 0 left on base; New Orleans 1 - Omaha 0
BOTTOM OF THE 3RD
Omaha Storm Chasers batting - Pitching for New Orleans Zephyrs : RHP Joe Allen
Batting: SHB Bobby Noriega 0-0: Ball
1-0: Called Strike
1-1: Called Strike
1-2: Strikes out swinging
Batting: RHB Travis Bernsen 0-0: Called Strike
0-1: Ball
1-1: Ground out 6-3 (Groundball, 6, EV 88.1 MPH)
Batting: RHB Blake Linden 0-0: Called Strike
0-1: Ball
1-1: Ball
2-1: Foul Ball, location: 2F
2-2: SOLO HOME RUN (Flyball, 9D, EV 98.1 MPH), Distance : 357 ft
Batting: RHB Matt McElhose 0-0: Foul Ball, location: 2F
0-1: Ball
1-1: Ball
2-1: Foul Ball, location: 9LDF
2-2: Ball
3-2: Foul Ball, location: 7LSF
3-2: Foul Ball, location: 5F
3-2: Foul Ball, location: 5FF
3-2: Foul Ball, location: 25F
3-2: Hit by Pitch
Batting: RHB Kyle Mellecker 0-0: Foul Ball, location: 9LDF
0-1: Swinging Strike
0-2: Ball
1-2: Foul Ball, location: 2F
1-2: Foul Ball, location: 2F
1-2: Ball
2-2: Ground out 6-3 (Groundball, 6, EV 80.6 MPH)
Bottom of the 3rd over - 1 run, 1 hit, 0 errors, 1 left on base; New Orleans 1 - Omaha 1
TOP OF THE 4TH
New Orleans Zephyrs batting - Pitching for Omaha Storm Chasers : RHP Aubrey Pettey
Batting: RHB James Austill 0-0: Foul Ball, location: 23F
0-1: Ball
1-1: Ball
2-1: Ball
3-1: SINGLE (Groundball, 34, EV 87.5 MPH)
Batting: SHB Akira Nagata 0-0: Foul Ball, location: 7LMF
0-1: Ball
1-1: Ball
2-1: Ball
3-1: Fly out, F7 (Flyball, 7, EV 89.4 MPH)
Batting: LHB Rick Alvarez 0-0: Ball
1-0: Ball
2-0: Foul Ball, location: 2F
2-1: Foul Ball, location: 2F
2-2: Ball
3-2: Foul Ball, location: 7LSF
3-2: SINGLE (Flyball, 78S, EV 90.6 MPH)
James Austill to second
James Austill to third
Batting: SHB Everett Anderson 0-0: Ball
1-0: SINGLE (Groundball, 4MD, EV 103.1 MPH)
James Austill scores
Rick Alvarez to second
Batting: LHB Antonio Aviles 0-0: Ball
1-0: Swinging Strike
1-1: SINGLE (Groundball, 6MD, EV 94.4 MPH)
Rick Alvarez to third
Everett Anderson to second
Runner from 3rd tries for Home, SAFE, throw by CF to home
Batting: LHB Joe Bell 0-0: Foul Ball, location: 7LSF
0-1: Foul Ball, location: 7LDF
0-2: Foul Ball, location: 5F
0-2: Fielders Choice at 2nd, 3-6 (Groundball, 3, EV 82.5 MPH)
Everett Anderson to third
Batting: LHB Malikai Dare 0-0: Ball
1-0: Ball
2-0: Ball
3-0: Base on Balls
Joe Bell to second
Batting: RHB Bob Armas 0-0: Called Strike
0-1: Called Strike
0-2: Foul Ball, location: 2F
0-2: Ball
1-2: Fly out, F4 (Popup, 4D, EV 67.5 MPH)
Top of the 4th over - 2 runs, 4 hits, 0 errors, 3 left on base; New Orleans 3 - Omaha 1
BOTTOM OF THE 4TH
Omaha Storm Chasers batting - Pitching for New Orleans Zephyrs : RHP Joe Allen
Batting: RHB Gabe Pike 0-0: Ball
1-0: Ball
2-0: Ball
3-0: Called Strike
3-1: SINGLE (Groundball, 5S, EV 75.6 MPH) (infield hit)
Batting: RHB Gabe Murillo 0-0: Foul Ball, location: 2F
0-1: Grounds into double play, 1-4-3 (Groundball, 15, EV 68.8 MPH)
Batting: RHB Mike Cassidy 0-0: SINGLE (Line Drive, 89S, EV 100.6 MPH)
Batting: RHB Tom Turnage 0-0: Called Strike
0-1: Swinging Strike
0-2: Strikes out swinging
Bottom of the 4th over - 0 runs, 2 hits, 0 errors, 1 left on base; New Orleans 3 - Omaha 1
TOP OF THE 5TH
New Orleans Zephyrs batting - Pitching for Omaha Storm Chasers : RHP Aubrey Pettey
Batting: SHB Melvin Amezcua 0-0: Foul Ball, location: 2F
0-1: SINGLE (Line Drive, 89S, EV 93.1 MPH)
Batting: RHB James Austill 0-0: Called Strike
0-1: Ball
1-1: Called Strike
1-2: Fly out, F9 (Flyball, 9, EV 86.3 MPH)
Batting: SHB Akira Nagata 0-0: Called Strike
0-1: Ball
Wild Pitch!
Melvin Amezcua to second
1-1: Ball
2-1: Foul Ball, location: 5F
2-2: Foul Ball, location: 2F
2-2: Ball
3-2: Base on Balls
Batting: LHB Rick Alvarez 0-0: Ball
1-0: Ball
2-0: Swinging Strike
2-1: Ball
3-1: Base on Balls
Melvin Amezcua to third
Akira Nagata to second
Batting: SHB Everett Anderson 0-0: Foul Ball, location: 5F
0-1: Called Strike
0-2: Strikes out swinging
Batting: LHB Antonio Aviles 0-0: Foul Ball, location: 5F
0-1: Ball
1-1: Fly out, F3 (Popup, 34, EV 64.4 MPH)
Top of the 5th over - 0 runs, 1 hit, 0 errors, 3 left on base; New Orleans 3 - Omaha 1
BOTTOM OF THE 5TH
Omaha Storm Chasers batting - Pitching for New Orleans Zephyrs : RHP Joe Allen
Batting: SHB Bobby Noriega 0-0: Ball
1-0: SINGLE (Flyball, 6D, EV 95.0 MPH)
Batting: RHB Travis Bernsen 0-0: Ball
1-0: Ball
2-0: Ball
Wild Pitch!
Bobby Noriega to second
3-0: Called Strike
3-1: Foul Ball, location: 2F
3-2: Ground out 6-3 (Groundball, 6, EV 109.4 MPH)
Bobby Noriega to third
Batting: RHB Blake Linden 0-0: Called Strike
0-1: Ball
1-1: Foul Ball, location: 23F
1-2: Foul Ball, location: 2F
1-2: Ball
2-2: Ball
3-2: Fly out, F9 (Flyball, 89M, EV 90.6 MPH)
Runner from 3rd tags up, SCORES, throw by RF
Now in LF: Matt Blish
Now in RF: Bob Armas
Batting: RHB Matt McElhose 0-0: Ball
1-0: Called Strike
1-1: Foul Ball, location: 2F
1-2: Foul Ball, location: 2F
1-2: Fly out, F8 (Flyball, 8RM, EV 95.6 MPH)
Bottom of the 5th over - 1 run, 1 hit, 0 errors, 0 left on base; New Orleans 3 - Omaha 2
TOP OF THE 6TH
New Orleans Zephyrs batting - Pitching for Omaha Storm Chasers : RHP Aubrey Pettey
Batting: LHB Joe Bell 0-0: Ball
1-0: DOUBLE (Groundball, 5L, EV 98.1 MPH)
Batting: LHB Malikai Dare 0-0: Ball
1-0: Called Strike
1-1: Fly out, F6 (Popup, 6MS, EV 78.1 MPH)
Batting: RHB Bob Armas 0-0: Called Strike
0-1: Fly out, F8 (Flyball, 8LD, EV 99.4 MPH)
Runner from 2nd tags up, SAFE at 3rd with throw by CF
Batting: SHB Melvin Amezcua 0-0: Ball
1-0: Foul Ball, location: 7LSF
1-1: Fly out, F3 (Popup, 3SF, EV 65.0 MPH)
Top of the 6th over - 0 runs, 1 hit, 0 errors, 1 left on base; New Orleans 3 - Omaha 2
BOTTOM OF THE 6TH
Omaha Storm Chasers batting - Pitching for New Orleans Zephyrs : RHP Joe Allen
Batting: RHB Kyle Mellecker 0-0: Called Strike
0-1: Ground out 5-3 (Groundball, 56S, EV 80.6 MPH)
Batting: RHB Gabe Pike 0-0: Ball
1-0: Ball
2-0: Called Strike
2-1: Called Strike
2-2: Strikes out swinging
Batting: RHB Gabe Murillo 0-0: Ball
1-0: Called Strike
1-1: Ball
2-1: Fly out, F8 (Flyball, 8RXD, EV 111.3 MPH)
Bottom of the 6th over - 0 runs, 0 hits, 0 errors, 0 left on base; New Orleans 3 - Omaha 2
TOP OF THE 7TH
New Orleans Zephyrs batting - Pitching for Omaha Storm Chasers : RHP Aubrey Pettey
Batting: RHB James Austill 0-0: Swinging Strike
0-1: Ball
1-1: Ball
2-1: Foul Ball, location: 3SF
2-2: SINGLE (Line Drive, 89S, EV 103.1 MPH)
Pitching: LHP Jim Connell
Batting: SHB Akira Nagata 0-0: Called Strike
0-1: Ball
1-1: Called Strike
1-2: Strikes out swinging
Batting: RHB Kento Asakura 0-0: Called Strike
0-1: Called Strike
James Austill steals 2nd base
0-2: Ball
1-2: Ball
2-2: Foul Ball, location: 3SF
2-2: Ball
3-2: Ground out 6-3 (Groundball, 6, EV 105.0 MPH)
Batting: SHB Everett Anderson 0-0: Ball
1-0: Called Strike
1-1: Foul Ball, location: 23FF
1-2: Ball
2-2: Ground out 5-3 (Groundball, 5L, EV 105.0 MPH)
Top of the 7th over - 0 runs, 1 hit, 0 errors, 1 left on base; New Orleans 3 - Omaha 2
BOTTOM OF THE 7TH
Omaha Storm Chasers batting - Pitching for New Orleans Zephyrs : RHP Joe Allen
Pitching: RHP John Gordon
Batting: RHB Mike Cassidy 0-0: Ball
1-0: Ball
2-0: Ball
3-0: Called Strike
3-1: Called Strike
3-2: Foul Ball, location: 9LMF
3-2: Base on Balls
Pinch Hitting: LHB Josh Noland 0-0: Called Strike
0-1: Swinging Strike
0-2: Ball
1-2: Ball
2-2: DOUBLE (Line Drive, 3D, EV 98.8 MPH)
Mike Cassidy to third
Batting: SHB Bobby Noriega 0-0: Foul Ball, location: 2F
0-1: Foul Ball, location: 2F
0-2: Foul Ball, location: 3FF
0-2: Ball
1-2: Foul Ball, location: 2RF
1-2: Ball
2-2: Ball
3-2: Foul Ball, location: 23F
3-2: SINGLE (Line Drive, 9S, EV 96.9 MPH)
Mike Cassidy scores
Josh Noland to third
Batting: RHB Travis Bernsen 0-0: Called Strike
0-1: Swinging Strike
0-2: Strikes out swinging
Batting: RHB Blake Linden 0-0: Swinging Strike
0-1: Fielders Choice at home, 5-2 (Groundball, 5, EV 82.5 MPH)
Bobby Noriega to second
Batting: RHB Matt McElhose 0-0: Called Strike
0-1: Swinging Strike
0-2: Ball
1-2: Foul Ball, location: 2F
1-2: Foul Ball, location: 5FF
1-2: Ball
2-2: Strikes out swinging
Bottom of the 7th over - 1 run, 2 hits, 0 errors, 2 left on base; New Orleans 3 - Omaha 3
TOP OF THE 8TH
New Orleans Zephyrs batting - Pitching for Omaha Storm Chasers : LHP Jim Connell
Pitching: LHP Sean Robbins
Now at SS: Dan Redmond
Pinch Hitting: RHB Francisco Santana 0-0: Ball
1-0: Fly out, F3 (Popup, 3D, EV 63.8 MPH)
Pinch Hitting: RHB Alberto Arias 0-0: Ball
1-0: Called Strike
1-1: Swinging Strike
1-2: Strikes out swinging
Pinch Hitting: RHB Kevin Dorsey 0-0: Ball
1-0: Ball
2-0: Ball
3-0: Base on Balls
Batting: RHB Bob Armas 0-0: Called Strike
0-1: Ball
1-1: Foul Ball, location: 9LSF
1-2: Foul Ball, location: 5FF
1-2: Foul Ball, location: 2F
1-2: Ball
2-2: Foul Ball, location: 7LSFF
2-2: Ball
3-2: SINGLE (Flyball, 8LS, EV 85.6 MPH)
Kevin Dorsey to second
Kevin Dorsey to third
Batting: SHB Melvin Amezcua 0-0: Fly out, F8 (Flyball, 8RD, EV 108.8 MPH)
Top of the 8th over - 0 runs, 1 hit, 0 errors, 2 left on base; New Orleans 3 - Omaha 3
BOTTOM OF THE 8TH
Omaha Storm Chasers batting - Pitching for New Orleans Zephyrs : RHP John Gordon
Pitching: RHP Jonathan Garza
Now at C: Steve Pedraza
Now at 1B: Alberto Arias
Now at 2B: Akira Nagata
Now at 3B: Melvin Amezcua
Now at SS: Raul Gallegos
Now in LF: Everett Anderson
Batting: RHB Kyle Mellecker 0-0: Ball
1-0: Ball
2-0: Ball
3-0: Called Strike
3-1: Base on Balls
Batting: RHB Gabe Pike 0-0: Grounds into double play, U3-6 (Groundball, 3L, EV 102.5 MPH)
Batting: RHB Gabe Murillo 0-0: Ball
1-0: Ball
2-0: Foul Ball, location: 9LDF
2-1: Ball
3-1: Foul Ball, location: 2F
3-2: Base on Balls
Batting: RHB Mike Cassidy 0-0: Ball
1-0: Called Strike
1-1: Ball
Gabe Murillo steals 2nd base
2-1: Ball
3-1: DOUBLE (Line Drive, 7LD, EV 103.8 MPH)
Gabe Murillo scores
Batting: RHB Dan Redmond 0-0: Foul Ball, location: 9LSF
0-1: Ball
1-1: Ball
2-1: Ball
3-1: Base on Balls
Pinch Runner at 2nd Jim Brennan:
Batting: SHB Bobby Noriega 0-0: Fly out, F8 (Flyball, 8LS, EV 95.6 MPH)
Bottom of the 8th over - 1 run, 1 hit, 0 errors, 2 left on base; New Orleans 3 - Omaha 4
TOP OF THE 9TH
New Orleans Zephyrs batting - Pitching for Omaha Storm Chasers : LHP Sean Robbins
Now at C: Chris Olinger
Now in CF: Kyle Mellecker
Now in RF: Jim Brennan
Batting: RHB James Austill 0-0: Called Strike
0-1: Swinging Strike
0-2: Foul Ball, location: 3F
0-2: Ball
1-2: Ball
2-2: Strikes out swinging
Batting: SHB Akira Nagata 0-0: Called Strike
0-1: Foul Ball, location: 2F
0-2: Ball
1-2: Ball
2-2: Strikes out swinging
Batting: RHB Kento Asakura 0-0: Fly out, F8 (Flyball, 78D, EV 100.0 MPH)
Top of the 9th over - 0 runs, 0 hits, 0 errors, 0 left on base; New Orleans 3 - Omaha 4
Wednesday, May 8th , 2024 - OOTP Baseball 24.11 Build 85